[Event "FIDE WCCC Open-12 2024"]
[Site "Montesilvano"]
[Date "2024.11.25"]
[Round "10.40"]
[White "Gazzato, Nicolo`"]
[Black "Farzaleev, Daniyar"]
[Result "0-1"]
[ECO "B31"]
[WhiteElo "1868"]
[BlackElo "1622"]
[Annotator "NA RC"]
[PlyCount "123"]
[EventDate "2024.11.18"]
[EventType "swiss"]
[EventCountry "ITA"]
[SourceTitle "playchess.com"]
[Source "ChessBase"]
[SourceQuality "1"]
[TimeControl "5400+30"]

1. e4 c5 2. Nf3 Nc6 3. Bb5 g6 4. O-O Bg7 5. c3 Nf6 6. Re1 O-O 7. d4 cxd4 8. cxd4 d5 9. e5 Ne4 10. Bxc6 bxc6 11. Nbd2 Nxd2 12. Bxd2 Qb6 13. Bc3 a5 14. a3 Bf5 15. Nh4 Bd7 16. f4 c5 17. Rc1 Rfc8 18. Qd2 cxd4 19. Bxd4 Qb5 20. Rxc8+ Rxc8 21. Rc1 Rxc1+ 22. Qxc1 Qd3 23. Bc3 a4 24. Qd2 Qxd2 25. Bxd2 f6 26. Bc3 fxe5 27. fxe5 g5 28. Nf3 g4 29. Ne1 Bf5 30. g3 Be4 31. Kf2 Kf7 32. e6+ Kg6 33. Ke3 Bxc3 34. bxc3 Kf5 35. Kd4 h5 36. c4 dxc4 37. Kxc4 Kxe6 38. Kb5 Kd5 39. Kxa4 Kc4 40. Ka5 Kc3 41. Kb6 Kd2 42. Kc5 Kxe1 43. Kd4 Bc6 44. Ke5 Kf2 45. Kf4 Kg2 46. Kg5 Kxh2 47. Kh4 Kg2 48. Kxh5 Kxg3 49. Kg5 Kf3 50. a4 Bxa4 51. Kg6 g3 52. Kf7 g2 53. Kxe7 g1=Q 54. Kf6 Qd4+ 55. Kg5 Qf4+ 56. Kg6 Be8+ 57. Kg7 Qf7+ 58. Kh8 Qf6+ 59. Kg8 Bf7+ 60. Kf8 Bg6+ 61. Kg8 Qf7+ 62. Kh8 0-1

[Event "FIDE WCCC Open-12 2024"]
[Site "Montesilvano"]
[Date "2024.11.25"]
[Round "10.41"]
[White "Ivancic, Ivan"]
[Black "Lee, Daniel Joshua"]
[Result "1-0"]
[ECO "C54"]
[WhiteElo "2091"]
[BlackElo "1765"]
[Annotator "NA RC"]
[PlyCount "67"]
[EventDate "2024.11.18"]
[EventType "swiss"]
[EventCountry "ITA"]
[SourceTitle "playchess.com"]
[Source "ChessBase"]
[SourceQuality "1"]
[TimeControl "5400+30"]

1. e4 e5 2. Nf3 Nc6 3. Bc4 Bc5 4. c3 Nf6 5. d3 d6 6. O-O a6 7. Bb3 Ba7 8. Nbd2 O-O 9. h3 Ne7 10. Re1 Ng6 11. Nf1 Nh5 12. d4 exd4 13. cxd4 Nhf4 14. Ng3 Be6 15. Be3 Rb8 16. d5 Bxe3 17. fxe3 Nxh3+ 18. gxh3 Bxh3 19. Qc2 Qf6 20. Qf2 Rbe8 21. Bc4 Ne5 22. Nxe5 Qxe5 23. Bf1 Bxf1 24. Rxf1 c6 25. Rad1 Qg5 26. Qf4 Qg6 27. Rd2 Re5 28. Rg2 Rg5 29. Rff2 cxd5 30. Nf5 Rxg2+ 31. Rxg2 Qf6 32. Nh6+ Kh8 33. Qxf6 gxf6 34. exd5 1-0

[Event "FIDE WCCC Open-12 2024"]
[Site "Montesilvano"]
[Date "2024.11.25"]
[Round "10.42"]
[White "Ilcic, Aleksa"]
[Black "Nicot, Valentin"]
[Result "1-0"]
[ECO "D20"]
[WhiteElo "1757"]
[BlackElo "2078"]
[Annotator "NA RC"]
[PlyCount "51"]
[EventDate "2024.11.18"]
[EventType "swiss"]
[EventCountry "ITA"]
[SourceTitle "playchess.com"]
[Source "ChessBase"]
[SourceQuality "1"]
[TimeControl "5400+30"]

1. d4 d5 2. c4 dxc4 3. e3 e5 4. Bxc4 exd4 5. Nf3 Bd6 6. exd4 Nf6 7. O-O O-O 8. Nc3 Bg4 9. Bg5 Nbd7 10. h3 Bh5 11. Re1 Re8 12. g4 Bg6 13. Qd2 c6 14. Rxe8+ Qxe8 15. Re1 Qf8 16. Ne5 Nb6 17. Bb3 Nbd5 18. Bxf6 Nxf6 19. f4 c5 20. f5 cxd4 21. fxg6 dxc3 22. gxf7+ Kh8 23. bxc3 Rd8 24. Qg5 Bc5+ 25. Kh1 Bb6 26. Qh4 1-0

[Event "FIDE WCCC Open-12 2024"]
[Site "Montesilvano"]
[Date "2024.11.25"]
[Round "10.43"]
[White "Vaidyanathan, Adithya"]
[Black "Mikolavicius, Julius"]
[Result "1-0"]
[ECO "A53"]
[WhiteElo "2018"]
[BlackElo "1746"]
[Annotator "RC"]
[PlyCount "91"]
[EventDate "2024.11.18"]
[EventType "swiss"]
[EventCountry "ITA"]
[SourceTitle "playchess.com"]
[Source "ChessBase"]
[SourceQuality "1"]
[TimeControl "5400+30"]

1. d4 d6 2. Nf3 Nf6 3. c4 c6 4. Nc3 Qa5 5. Bd2 e5 6. Ne4 Qd8 7. Nxf6+ gxf6 8. Bc3 Bf5 9. Qd2 Nd7 10. g3 Bg6 11. Bh3 Qc7 12. O-O-O O-O-O 13. Nh4 Kb8 14. Bxd7 Qxd7 15. dxe5 Qe6 16. exf6 Qxc4 17. Nxg6 hxg6 18. Kb1 Bh6 19. Qd3 Qe6 20. e4 Bg5 21. Qf3 Rh3 22. e5 d5 23. Qg2 Rhh8 24. f4 Bh6 25. h4 c5 26. Qh3 Qb6 27. f5 d4 28. Bd2 c4 29. Bxh6 Rxh6 30. Rc1 c3 31. Rc2 Qb5 32. fxg6 Rxg6 33. h5 Rgg8 34. e6 d3 35. Rxc3 d2 36. Rd1 Qe2 37. Qh1 Qxe6 38. Qf3 Rd6 39. Re3 Qc4 40. h6 Rh8 41. Re7 Rc6 42. Qc3 Qd5 43. Qxd2 Qf5+ 44. Ka1 Qxf6 45. Qd7 Rb6 46. Qd8+ 1-0

[Event "FIDE WCCC Open-12 2024"]
[Site "Montesilvano"]
[Date "2024.11.25"]
[Round "10.44"]
[White "Park, Onyoo"]
[Black "Vorobyov, Radmir"]
[Result "1/2-1/2"]
[ECO "D55"]
[WhiteElo "1710"]
[BlackElo "2017"]
[Annotator "RC"]
[PlyCount "55"]
[EventDate "2024.11.18"]
[EventType "swiss"]
[EventCountry "ITA"]
[SourceTitle "playchess.com"]
[Source "ChessBase"]
[SourceQuality "1"]
[TimeControl "5400+30"]

1. d4 d5 2. c4 e6 3. Nc3 Nf6 4. Bg5 Be7 5. e3 O-O 6. Bd3 b6 7. Nf3 Bb7 8. cxd5 exd5 9. O-O Nbd7 10. Rc1 c5 11. dxc5 Nxc5 12. Bb1 Nce4 13. Bh4 Rc8 14. Ne2 Qd7 15. Qd3 g6 16. Rfd1 Ng4 17. Qxe4 dxe4 18. Rxd7 exf3 19. gxf3 Bxh4 20. fxg4 Bf3 21. Rxc8 Rxc8 22. Nc3 b5 23. Be4 Bxg4 24. Rxa7 b4 25. Nd5 f5 26. Bd3 Bf3 27. Rc7 Rd8 28. Nxb4 1/2-1/2

[Event "FIDE WCCC Open-12 2024"]
[Site "Montesilvano"]
[Date "2024.11.25"]
[Round "10.45"]
[White "Yin, Milo"]
[Black "Wang, William Kaiyuan"]
[Result "1-0"]
[ECO "C57"]
[WhiteElo "1925"]
[BlackElo "1715"]
[Annotator "RC"]
[PlyCount "59"]
[EventDate "2024.11.18"]
[EventType "swiss"]
[EventCountry "ITA"]
[SourceTitle "playchess.com"]
[Source "ChessBase"]
[SourceQuality "1"]
[TimeControl "5400+30"]

1. e4 e5 2. Nf3 Nc6 3. Bc4 Nf6 4. Ng5 d5 5. exd5 b5 6. Bf1 Nxd5 7. Bxb5 Bb7 8. Nf3 Bd6 9. d3 O-O 10. O-O Nd4 11. Nxd4 exd4 12. Qg4 Nf6 13. Qh4 h6 14. c3 c5 15. f4 Qe7 16. Re1 Qc7 17. f5 Nh7 18. Nd2 Bxg2 19. Kxg2 Qb7+ 20. Ne4 Be7 21. Qg3 Qxb5 22. Bxh6 g6 23. Qe5 f6 24. Qe6+ Kh8 25. fxg6 Rg8 26. g7+ Rxg7+ 27. Bxg7+ Kxg7 28. Qxe7+ Kh8 29. Nxf6 Qc6+ 30. Qe4 1-0

[Event "FIDE WCCC Open-12 2024"]
[Site "Montesilvano"]
[Date "2024.11.25"]
[Round "10.46"]
[White "Leht, Karl Samuel"]
[Black "Bundan, Edward"]
[Result "1/2-1/2"]
[ECO "B33"]
[WhiteElo "1701"]
[BlackElo "1905"]
[Annotator "NA RC"]
[PlyCount "82"]
[EventDate "2024.11.18"]
[EventType "swiss"]
[EventCountry "ITA"]
[SourceTitle "playchess.com"]
[Source "ChessBase"]
[SourceQuality "1"]
[TimeControl "5400+30"]

1. e4 c5 2. Nf3 Nc6 3. d4 cxd4 4. Nxd4 Nf6 5. Nc3 e5 6. Ndb5 d6 7. Bg5 a6 8. Na3 b5 9. Nd5 Be7 10. Bxf6 Bxf6 11. c3 O-O 12. Nc2 Rb8 13. h4 g6 14. h5 Bg7 15. Qf3 Qg5 16. Be2 f5 17. hxg6 hxg6 18. exf5 Qxf5 19. Qxf5 gxf5 20. O-O-O Rb7 21. a4 Be6 22. axb5 axb5 23. Ncb4 Nxb4 24. Nxb4 Rd8 25. g4 fxg4 26. Rhg1 Bh6+ 27. Kc2 Bf5+ 28. Kb3 Be6+ 29. Nd5 Rg7 30. Bxg4 Rxg4 31. Rxg4+ Bxg4 32. Nf6+ Kf7 33. Nxg4 Bf4 34. Ne3 Bxe3 35. fxe3 Ke6 36. Kb4 Rb8 37. e4 Kd7 38. Rd5 Kc6 39. b3 Rb7 40. c4 bxc4+ 41. Kxc4 Rh7 1/2-1/2

[Event "FIDE WCCC Open-12 2024"]
[Site "Montesilvano"]
[Date "2024.11.25"]
[Round "10.47"]
[White "Berishvili, Davit"]
[Black "Fadeev, Justin Michael"]
[Result "0-1"]
[ECO "D35"]
[WhiteElo "1578"]
[BlackElo "1878"]
[Annotator "NA RC"]
[PlyCount "64"]
[EventDate "2024.11.18"]
[EventType "swiss"]
[EventCountry "ITA"]
[SourceTitle "playchess.com"]
[Source "ChessBase"]
[SourceQuality "1"]
[TimeControl "5400+30"]

1. d4 d5 2. c4 e6 3. Nc3 c6 4. cxd5 exd5 5. Nf3 Nf6 6. Bg5 Be7 7. e3 Bf5 8. Bd3 Bxd3 9. Qxd3 O-O 10. Nd2 Na6 11. a3 Re8 12. O-O Ne4 13. Bxe7 Qxe7 14. b4 Nc7 15. Nb3 f5 16. Rfe1 Qh4 17. Nxe4 fxe4 18. Qf1 Re6 19. g3 Qh5 20. Qg2 Rf6 21. Ra2 Ne6 22. g4 Qh6 23. Rae2 Ng5 24. Rf1 Nf3+ 25. Kh1 Qh4 26. g5 Rg6 27. Qg3 Qh5 28. h4 Rxg5 29. Qh3 Rg4 30. Qg3 Rxh4+ 31. Kg2 Rh2+ 32. Qxh2 Qxh2# 0-1

[Event "FIDE WCCC Open-12 2024"]
[Site "Montesilvano"]
[Date "2024.11.25"]
[Round "10.48"]
[White "Ivarlac, Vladislav"]
[Black "Andreiev, Andrii"]
[Result "1-0"]
[ECO "D37"]
[WhiteElo "1867"]
[BlackElo "1704"]
[Annotator "NA RC"]
[PlyCount "69"]
[EventDate "2024.11.18"]
[EventType "swiss"]
[EventCountry "ITA"]
[SourceTitle "playchess.com"]
[Source "ChessBase"]
[SourceQuality "1"]
[TimeControl "5400+30"]

1. d4 d5 2. c4 e6 3. Nc3 Nf6 4. Bf4 c6 5. e3 Be7 6. Nf3 O-O 7. Be2 Nbd7 8. Ne5 h6 9. O-O Nb6 10. Rc1 Bd7 11. c5 Nc8 12. Qb3 b6 13. Ba6 Nh5 14. Bb7 Nxf4 15. Bxa8 Ng6 16. Nxc6 Qc7 17. Nxe7+ Ncxe7 18. c6 Bxc6 19. Bxc6 Qxc6 20. Nb5 Qa8 21. Qa3 a6 22. Nc7 Qb8 23. Nxa6 Qd8 24. Nb4 Nh4 25. f4 Kh8 26. Nc6 Nxc6 27. Rxc6 Rg8 28. Qd6 Qf6 29. f5 Qg5 30. Qg3 Qe7 31. f6 Qd7 32. Rc7 Qd8 33. Rxf7 Nf5 34. Rxf5 exf5 35. Rxg7 1-0

[Event "FIDE WCCC Open-12 2024"]
[Site "Montesilvano"]
[Date "2024.11.25"]
[Round "10.49"]
[White "Aadik Theophane Lenin"]
[Black "Isakov, Amin"]
[Result "1-0"]
[ECO "D37"]
[WhiteElo "1857"]
[BlackElo "1698"]
[Annotator "NA RC"]
[PlyCount "91"]
[EventDate "2024.11.18"]
[EventType "swiss"]
[EventCountry "ITA"]
[SourceTitle "playchess.com"]
[Source "ChessBase"]
[SourceQuality "1"]
[TimeControl "5400+30"]

1. d4 Nf6 2. c4 e6 3. Nf3 d5 4. Nc3 Be7 5. Bf4 O-O 6. e3 c5 7. dxc5 Bxc5 8. Qc2 Nc6 9. a3 Re8 10. O-O-O e5 11. cxd5 exf4 12. dxc6 Qe7 13. exf4 bxc6 14. Ne5 Be6 15. Bc4 Bxc4 16. Nxc4 Ng4 17. Rd2 Qe6 18. Nd1 Rad8 19. Rxd8 Rxd8 20. f3 Ne3 21. Ndxe3 Bxe3+ 22. Nxe3 Qxe3+ 23. Kb1 Rd2 24. Rd1 Rxd1+ 25. Qxd1 g6 26. Qc1 Qd3+ 27. Qc2 Qf1+ 28. Ka2 Qb5 29. Qb3 Qa6 30. g4 Kg7 31. Qc3+ Kg8 32. Qb4 Qd3 33. Qb8+ Kg7 34. Qe5+ Kg8 35. Qe8+ Kg7 36. Qxc6 Qd8 37. Qc5 Qd7 38. Qe5+ Kg8 39. h4 Qc8 40. Qe4 Qc1 41. f5 Qc8 42. fxg6 hxg6 43. h5 gxh5 44. gxh5 Kh8 45. h6 f6 46. Qg4 1-0

[Event "FIDE WCCC Open-12 2024"]
[Site "Montesilvano"]
[Date "2024.11.25"]
[Round "10.50"]
[White "Petrovski, Nikola"]
[Black "Zhan, Jayden Zihan"]
[Result "0-1"]
[ECO "B84"]
[WhiteElo "1829"]
[BlackElo "1670"]
[Annotator "NA RC"]
[PlyCount "120"]
[EventDate "2024.11.18"]
[EventType "swiss"]
[EventCountry "ITA"]
[SourceTitle "playchess.com"]
[Source "ChessBase"]
[SourceQuality "1"]
[TimeControl "5400+30"]

1. e4 c5 2. Nf3 e6 3. Nc3 a6 4. d4 cxd4 5. Nxd4 Qc7 6. a3 b5 7. Be2 Bb7 8. O-O Nf6 9. Bf3 d6 10. Be3 Be7 11. Qd2 O-O 12. Rad1 Nbd7 13. Rfe1 Rac8 14. Qe2 Ne5 15. Bc1 Rfe8 16. Kh1 Nxf3 17. Nxf3 d5 18. exd5 Nxd5 19. Nxd5 Bxd5 20. Nd4 Bd6 21. h3 Qe7 22. Kg1 Qf6 23. Qg4 Rc4 24. b3 h5 25. Qg5 Qxg5 26. Bxg5 Rcc8 27. Bc1 Red8 28. Bb2 Bc5 29. Re2 Kf8 30. Rdd2 Rd6 31. Kh2 f6 32. Kg1 Kf7 33. Kh2 Rcd8 34. Bc3 Bxa3 35. Kg3 R6d7 36. Ba5 Rc8 37. b4 Rc4 38. Nb3 Bxb4 39. Bxb4 Rxb4 40. Nc5 Ra7 41. c3 Rc4 42. Nd3 Rxc3 43. Kh2 Bc4 44. Re3 Bxd3 45. Rdxd3 Rxd3 46. Rxd3 a5 47. g4 hxg4 48. hxg4 b4 49. f4 a4 50. f5 e5 51. g5 fxg5 52. f6 gxf6 53. Rg3 b3 54. Rg2 a3 55. Kh3 a2 56. Rd2 a1=Q 57. Kg4 Ra4+ 58. Kf3 Qc3+ 59. Kg2 Qxd2+ 60. Kh3 Rh4+ 0-1

[Event "FIDE WCCC Open-12 2024"]
[Site "Montesilvano"]
[Date "2024.11.25"]
[Round "10.52"]
[White "Liu, Richard Jingjie"]
[Black "Wang, Yu-Chi Xavier"]
[Result "1-0"]
[ECO "C54"]
[WhiteElo "1795"]
[BlackElo "1543"]
[Annotator "NA RC"]
[PlyCount "64"]
[EventDate "2024.11.18"]
[EventType "swiss"]
[EventCountry "ITA"]
[SourceTitle "playchess.com"]
[Source "ChessBase"]
[SourceQuality "1"]
[TimeControl "5400+30"]

1. e4 e5 2. Nf3 Nc6 3. Bc4 Bc5 4. c3 Nf6 5. d4 exd4 6. cxd4 Bb4+ 7. Nc3 Nxe4 8. O-O Bxc3 9. d5 Ne5 10. bxc3 Nxc4 11. Qd4 Ncd6 12. Qxg7 Qf6 13. Qxf6 Nxf6 14. Re1+ Nfe4 15. Nd2 f5 16. f3 O-O 17. fxe4 Re8 18. e5 Nf7 19. Nf3 Kg7 20. c4 Rb8 21. a4 c6 22. Bb2 Kg6 23. Ra3 cxd5 24. cxd5 b5 25. Nh4+ Kg5 26. Nf3+ Kg6 27. axb5 Rxb5 28. Nh4+ Kg5 29. Bc1+ Kxh4 30. Rh3+ Kg4 31. Rxh7 Rxe5 32. h3+ Kg3 1-0

[Event "FIDE WCCC Open-12 2024"]
[Site "Montesilvano"]
[Date "2024.11.25"]
[Round "10.53"]
[White "Kraucenka, Justas"]
[Black "Simiyu Jadon"]
[Result "1-0"]
[ECO "D35"]
[WhiteElo "1650"]
[BlackElo "1784"]
[Annotator "NA RC"]
[PlyCount "129"]
[EventDate "2024.11.18"]
[EventType "swiss"]
[EventCountry "ITA"]
[SourceTitle "playchess.com"]
[Source "ChessBase"]
[SourceQuality "1"]
[TimeControl "5400+30"]

1. d4 d5 2. c4 e6 3. Nc3 Nf6 4. cxd5 exd5 5. Bg5 c6 6. e3 Be7 7. Bd3 Nbd7 8. Nf3 h6 9. Bf4 O-O 10. O-O Nh5 11. Be5 g6 12. h3 Ng7 13. Bh2 f5 14. Ne5 Nxe5 15. Bxe5 Bf6 16. Bh2 g5 17. b4 Kh8 18. Qd2 h5 19. b5 Be7 20. bxc6 bxc6 21. Rac1 Bd6 22. Bxd6 Qxd6 23. Na4 f4 24. Be2 f3 25. Bxf3 Bxh3 26. Bxh5 Nxh5 27. gxh3 Rf3 28. Kg2 Raf8 29. Nc5 g4 30. hxg4 Qg6 31. Rh1 Qxg4+ 32. Kf1 Kg8 33. Rg1 Rg3 34. Rxg3 Nxg3+ 35. Ke1 Qh3 36. Kd1 Qf1+ 37. Qe1 Rxf2 38. Qxf1 Rxf1+ 39. Kc2 Rf2+ 40. Kb1 Nf1 41. Nd3 Rf6 42. Ne5 Nxe3 43. Rxc6 Rf1+ 44. Rc1 Rxc1+ 45. Kxc1 Kf8 46. Kd2 Nf5 47. Nc6 a6 48. Kd3 Nd6 49. Nb4 Ke7 50. Nxa6 Nc4 51. Nc5 Kd6 52. Kc3 Kc6 53. a4 Nd6 54. Kb4 Nc8 55. a5 Na7 56. Nd3 Kd6 57. Ne5 Nc8 58. Kb5 Kc7 59. Kc5 Ne7 60. Nd3 Nc6 61. a6 Nb8 62. Nb4 Nd7+ 63. Kxd5 Kb6 64. Kd6 Nf6 65. Nd5+ 1-0

[Event "FIDE WCCC Open-12 2024"]
[Site "Montesilvano"]
[Date "2024.11.25"]
[Round "10.54"]
[White "Pham, Le Thao Nguyen"]
[Black "Sharku, Uvejs"]
[Result "1-0"]
[ECO "B12"]
[WhiteElo "2384"]
[BlackElo "1516"]
[Annotator "RC"]
[PlyCount "49"]
[EventDate "2024.11.18"]
[EventType "swiss"]
[EventCountry "ITA"]
[SourceTitle "playchess.com"]
[Source "ChessBase"]
[SourceQuality "1"]
[TimeControl "5400+30"]

1. e4 c6 2. d4 d5 3. f3 g6 4. e5 Bg7 5. Bd3 f6 6. f4 Nh6 7. Nf3 O-O 8. O-O Qb6 9. a4 a5 10. Ra3 Bd7 11. Kh1 Nf5 12. Be2 Na6 13. g4 Nh6 14. h3 fxe5 15. fxe5 Rf7 16. Rb3 Qa7 17. Bd2 Nc7 18. Qc1 Nxg4 19. hxg4 Bxg4 20. Be3 Raf8 21. Nbd2 Qb8 22. Qe1 Qc8 23. Qh4 Rf5 24. Qxg4 Rh5+ 25. Nh2 1-0

[Event "FIDE WCCC Open-12 2024"]
[Site "Montesilvano"]
[Date "2024.11.25"]
[Round "10.55"]
[White "Su, Jayden Chenxuan"]
[Black "Mihajlovic, Stefan"]
[Result "1-0"]
[ECO "A52"]
[WhiteElo "1700"]
[BlackElo "1594"]
[Annotator "NA RC"]
[PlyCount "47"]
[EventDate "2024.11.18"]
[EventType "swiss"]
[EventCountry "ITA"]
[SourceTitle "playchess.com"]
[Source "ChessBase"]
[SourceQuality "1"]
[TimeControl "5400+30"]

1. d4 Nf6 2. c4 e5 3. dxe5 Ng4 4. e4 Nxe5 5. f4 Ng6 6. Nc3 Bb4 7. Nge2 d6 8. a3 Bc5 9. b4 Bb6 10. Nd5 O-O 11. Nxb6 axb6 12. f5 Ne5 13. Nc3 Nbc6 14. Be2 Nxb4 15. Bb2 Nbc6 16. O-O Na5 17. f6 Naxc4 18. Bxc4 Nxc4 19. Bc1 gxf6 20. Nd5 f5 21. exf5 Ne5 22. Bh6 Re8 23. Qh5 f6 24. Nxf6+ 1-0

[Event "FIDE WCCC Open-12 2024"]
[Site "Montesilvano"]
[Date "2024.11.25"]
[Round "10.56"]
[White "Teo, Hong Kai Javier"]
[Black "Kim, Derek Minwoo"]
[Result "1-0"]
[ECO "C54"]
[WhiteElo "1675"]
[BlackElo "1699"]
[Annotator "NA RC"]
[PlyCount "87"]
[EventDate "2024.11.18"]
[EventType "swiss"]
[EventCountry "ITA"]
[SourceTitle "playchess.com"]
[Source "ChessBase"]
[SourceQuality "1"]
[TimeControl "5400+30"]

1. e4 e5 2. Nf3 Nc6 3. Bc4 Bc5 4. c3 Nf6 5. d3 d6 6. Nbd2 O-O 7. Bb3 Be6 8. h3 d5 9. Qe2 h6 10. Nf1 Re8 11. Ng3 a5 12. Nh4 a4 13. Bc2 dxe4 14. dxe4 Ne7 15. Qf3 b5 16. Bxh6 b4 17. Bg5 Nh7 18. Bxe7 Rxe7 19. Ngf5 Rd7 20. O-O b3 21. axb3 axb3 22. Rxa8 Qxa8 23. Qg4 Qf8 24. Bb1 Kh8 25. Qg3 Bc4 26. Re1 Rd2 27. Ne3 Bxe3 28. Qxe3 Rxb2 29. Nf5 Qd8 30. Qg3 Qg5 31. Qxe5 Nf6 32. Qc5 Ba6 33. Qf8+ Kh7 34. Ne7 Qh6 35. e5+ Rxb1 36. Rxb1 b2 37. Rxb2 Qc1+ 38. Kh2 Qf4+ 39. g3 Ng4+ 40. hxg4 Qh6+ 41. Kg2 Qc1 42. Qg8+ Kh6 43. Qh8+ Kg5 44. Qh4# 1-0

[Event "FIDE WCCC Open-12 2024"]
[Site "Montesilvano"]
[Date "2024.11.25"]
[Round "10.57"]
[White "Son, Juwon"]
[Black "Mintz, Nathan"]
[Result "0-1"]
[ECO "B22"]
[WhiteElo "1448"]
[BlackElo "1633"]
[Annotator "NA RC"]
[PlyCount "72"]
[EventDate "2024.11.18"]
[EventType "swiss"]
[EventCountry "ITA"]
[SourceTitle "playchess.com"]
[Source "ChessBase"]
[SourceQuality "1"]
[TimeControl "5400+30"]

1. e4 c5 2. c3 d5 3. exd5 Qxd5 4. d4 Nf6 5. Nf3 Nc6 6. Na3 Bg4 7. Be2 cxd4 8. Nb5 O-O-O 9. Nbxd4 e6 10. Be3 Bc5 11. Qa4 Rhe8 12. Nxc6 bxc6 13. Rd1 Qe4 14. Qa6+ Kc7 15. Qa5+ Bb6 16. Bxb6+ axb6 17. Qa7+ Kc8 18. Qa6+ Kc7 19. O-O Ra8 20. Qc4 Bxf3 21. gxf3 Qf5 22. a3 Nd5 23. Qg4 Nf4 24. Rfe1 Qf6 25. Qg3 Ra5 26. h4 Rh5 27. Rd4 e5 28. Bc4 Rxh4 29. Ree4 Qh6 30. Rxf4 exf4 31. Qg2 Re1+ 32. Bf1 Rh1+ 33. Qxh1 Rxf1+ 34. Kxf1 Qxh1+ 35. Ke2 Qc1 36. Rd2 h5 0-1

[Event "FIDE WCCC Open-12 2024"]
[Site "Montesilvano"]
[Date "2024.11.25"]
[Round "10.58"]
[White "Boiko, Nazar"]
[Black "Mohd Firdaus, Firast Haiqal"]
[Result "1/2-1/2"]
[ECO "B01"]
[WhiteElo "1614"]
[BlackElo "1514"]
[Annotator "NA RC"]
[PlyCount "88"]
[EventDate "2024.11.18"]
[EventType "swiss"]
[EventCountry "ITA"]
[SourceTitle "playchess.com"]
[Source "ChessBase"]
[SourceQuality "1"]
[TimeControl "5400+30"]

1. e4 d5 2. exd5 Qxd5 3. Nc3 Qd6 4. d4 Nf6 5. Nf3 c6 6. Ne5 Nbd7 7. Nc4 Qc7 8. a4 a5 9. Qf3 g6 10. Bf4 Qd8 11. Qe3 Bg7 12. Nd6+ Kf8 13. Nxc8 Rxc8 14. Be2 Nb6 15. Be5 Nbd5 16. Nxd5 Nxd5 17. Bxg7+ Kxg7 18. Qd2 Qb6 19. c3 Rhd8 20. O-O Nf6 21. Qe3 c5 22. dxc5 Qxc5 23. Qxc5 Rxc5 24. Bf3 Rd2 25. b4 Rxc3 26. bxa5 Rd7 27. Rfb1 Rc5 28. Rb5 Rdc7 29. h3 Nd7 30. Rab1 Rc1+ 31. Rxc1 Rxc1+ 32. Kh2 Ra1 33. Rxb7 Ne5 34. Rxe7 Nxf3+ 35. gxf3 Rxa4 36. Ra7 h5 37. Ra8 Kf6 38. a6 Kg5 39. Kg3 h4+ 40. Kg2 Kf4 41. Rf8 f5 42. Rh8 g5 43. Rh6 Ra3 44. Rf6 Ra4 1/2-1/2

[Event "FIDE WCCC Open-12 2024"]
[Site "Montesilvano"]
[Date "2024.11.25"]
[Round "10.59"]
[White "To, Nam Long"]
[Black "Krasniqi, Troi"]
[Result "0-1"]
[ECO "A47"]
[WhiteElo "1608"]
[BlackElo "1610"]
[Annotator "NA RC"]
[PlyCount "78"]
[EventDate "2024.11.18"]
[EventType "swiss"]
[EventCountry "ITA"]
[SourceTitle "playchess.com"]
[Source "ChessBase"]
[SourceQuality "1"]
[TimeControl "5400+30"]

1. d4 Nf6 2. Bf4 e6 3. Nf3 b6 4. e3 Bb7 5. h3 d5 6. Be2 Bd6 7. Bxd6 Qxd6 8. O-O O-O 9. Nbd2 Nbd7 10. c4 c5 11. Re1 Rac8 12. Rc1 h6 13. Bd3 Rfd8 14. cxd5 exd5 15. e4 dxe4 16. Nxe4 Nxe4 17. Bxe4 Bxe4 18. Rxe4 Nf6 19. Re2 cxd4 20. Rxc8 Rxc8 21. Rd2 Qe6 22. b3 Ne4 23. Rxd4 Nc3 24. Rd8+ Kh7 25. Qc2+ g6 26. Rxc8 Qxc8 27. Nd4 Qc5 28. Ne2 Nxe2+ 29. Qxe2 b5 30. g3 b4 31. Kg2 a5 32. Qe4 Kg7 33. Kf3 Qc3+ 34. Qe3 Qa1 35. Qd2 Qh1+ 36. Kf4 g5+ 37. Kg4 Qe4+ 38. Kh5 Qf3+ 39. g4 Qxh3# 0-1

[Event "FIDE WCCC Open-12 2024"]
[Site "Montesilvano"]
[Date "2024.11.25"]
[Round "10.60"]
[White "Mamarasulov, Husan"]
[Black "Wang, Luis"]
[Result "1-0"]
[ECO "D73"]
[WhiteElo "1407"]
[BlackElo "1751"]
[Annotator "NA RC"]
[PlyCount "51"]
[EventDate "2024.11.18"]
[EventType "swiss"]
[EventCountry "ITA"]
[SourceTitle "playchess.com"]
[Source "ChessBase"]
[SourceQuality "1"]
[TimeControl "5400+30"]

1. d4 Nf6 2. c4 g6 3. Nf3 Bg7 4. g3 O-O 5. Bg2 c6 6. O-O d5 7. a4 dxc4 8. Na3 Bg4 9. Nxc4 Nbd7 10. a5 Qc7 11. Bf4 Qc8 12. Nfe5 Be6 13. a6 Bd5 14. Na5 b6 15. Naxc6 Qe8 16. Rc1 Nxe5 17. dxe5 Bxg2 18. Kxg2 Nd7 19. b4 h6 20. h4 g5 21. hxg5 hxg5 22. Bxg5 Nxe5 23. Nxe7+ Kh7 24. Rh1+ Bh6 25. Rxh6+ Kg7 26. Bf6+ 1-0

[Event "FIDE WCCC Open-12 2024"]
[Site "Montesilvano"]
[Date "2024.11.25"]
[Round "10.61"]
[White "Pennacchia, Domenico"]
[Black "Italiani, Luca"]
[Result "1-0"]
[ECO "A46"]
[WhiteElo "1510"]
[BlackElo "1634"]
[Annotator "NA RC"]
[PlyCount "193"]
[EventDate "2024.11.18"]
[EventType "swiss"]
[EventCountry "ITA"]
[SourceTitle "playchess.com"]
[Source "ChessBase"]
[SourceQuality "1"]
[TimeControl "5400+30"]

1. d4 Nf6 2. Nf3 e6 3. e3 Nc6 4. Bd3 Be7 5. c3 O-O 6. Nbd2 d5 7. b3 a6 8. Bb2 h6 9. O-O Re8 10. Rc1 Bf8 11. c4 Nb4 12. Bb1 dxc4 13. Nxc4 b5 14. Nce5 Bb7 15. a3 Nbd5 16. Qc2 Rc8 17. b4 Nb6 18. Ng4 g6 19. Nxf6+ Qxf6 20. d5 e5 21. e4 Nc4 22. Nd2 Nxb2 23. Qxb2 Bd6 24. Nb3 Qg5 25. Nc5 Bxc5 26. bxc5 c6 27. d6 Rcd8 28. Rcd1 Bc8 29. Rd3 h5 30. Rg3 Qf4 31. Rf3 Qg5 32. Ba2 Be6 33. Bxe6 Rxe6 34. Rd1 h4 35. Qd2 Qxd2 36. Rxd2 Kg7 37. Kf1 Rf6 38. Rfd3 Re6 39. d7 a5 40. Rd6 Kf6 41. Rxe6+ Kxe6 42. Rd6+ Ke7 43. Rxc6 Rxd7 44. Rb6 Rd1+ 45. Ke2 Rb1 46. Rb7+ Ke6 47. Ra7 a4 48. Rb7 Rb2+ 49. Kf3 Rb3+ 50. Kg4 Rxa3 51. Rxb5 Rb3 52. Ra5 Ra3 53. Kxh4 Ra1 54. c6 Kd6 55. Rc5 Kc7 56. Rxe5 Kxc6 57. Ra5 a3 58. f3 a2 59. Kg5 Kb6 60. Ra8 Kb5 61. Kf6 Kb4 62. Kxf7 Kb3 63. Rb8+ Kc2 64. Ra8 Kb2 65. e5 Rc1 66. e6 Rc7+ 67. e7 a1=Q 68. Rxa1 Kxa1 69. Kf8 Rc8+ 70. e8=Q Rxe8+ 71. Kxe8 g5 72. Kf7 Kb2 73. Kg6 Kc3 74. Kxg5 Kd4 75. f4 Kd5 76. f5 Kd6 77. Kg6 Ke7 78. f6+ Kf8 79. f7 Ke7 80. Kg7 Ke6 81. f8=Q Ke5 82. Qf6+ Kd5 83. Qe7 Kd4 84. Qe2 Kd5 85. Qe3 Kc4 86. Qd2 Kc5 87. Qd3 Kc6 88. Qd4 Kb5 89. Qc3 Kb6 90. Qc4 Kb7 91. Qc5 Ka8 92. Qb5 Ka7 93. Kf6 Ka8 94. Ke6 Ka7 95. Kd6 Ka8 96. Kc7 Ka7 97. Qb7# 1-0

[Event "FIDE WCCC Open-12 2024"]
[Site "Montesilvano"]
[Date "2024.11.25"]
[Round "10.64"]
[White "Sobirov, Feruzbek"]
[Black "Macia Tell, Dario"]
[Result "1-0"]
[ECO "D00"]
[WhiteElo "1487"]
[BlackElo "1520"]
[Annotator "NA RC"]
[PlyCount "69"]
[EventDate "2024.11.18"]
[EventType "swiss"]
[EventCountry "ITA"]
[SourceTitle "playchess.com"]
[Source "ChessBase"]
[SourceQuality "1"]
[TimeControl "5400+30"]

1. d4 Nf6 2. Nc3 d5 3. Bf4 Bf5 4. f3 e6 5. g4 Bg6 6. h4 h5 7. g5 Ng8 8. e3 Bd6 9. Nge2 Ne7 10. Bxd6 Qxd6 11. Nf4 O-O 12. Bd3 Nbc6 13. Qd2 Nf5 14. O-O-O a6 15. Bxf5 exf5 16. Ncxd5 b5 17. Qc3 b4 18. Qxc6 Qd8 19. Qxc7 Qe8 20. Qe7 Qa4 21. Nb6 Rae8 22. Nxa4 Rxe7 23. Rhe1 a5 24. d5 Rd8 25. Nc5 Rd6 26. Nxg6 fxg6 27. e4 fxe4 28. fxe4 Re5 29. Nb7 Rd7 30. Nxa5 Rd6 31. Nc6 Re8 32. e5 Rxc6 33. dxc6 Rc8 34. e6 Kf8 35. e7+ 1-0